 Dungeon Crawl Stone Soup version 0.25-a0-578-gc91f01c (webtiles) character file.

Game seed: 17578755996942068160, levelgen mode: deterministic

2410 Anathematize the Poker (level 9, -23/68 HPs)
             Began as a Demonspawn Skald on Mar 4, 2020.
             Killed from afar by a centaur (24 damage)
             ... with a bolt of acid
             ... on level 7 of the Dungeon.
             The game lasted 00:29:22 (8717 turns).

Anathematize the Poker (Demonspawn Skald)           Turns: 8717, Time: 00:29:23

Health: -23/68     AC:  1    Str: 14    XL:     9   Next: 23%
Magic:  13/13      EV: 14    Int: 16    God:
Gold:   384        SH:  0    Dex: 12    Spells: 4/14 levels left

rFire    . . .     SeeInvis +   r - +1 trident
rCold    + . .     Gourm    .   (no shield)
rNeg     + . .     Faith    .   a - +0 ring mail
rPois    .         Spirit   .   (helmet unavailable)
rElec    .         Reflect  .   (no cloak)
rCorr    .         Harm     .   (no gloves)
MR       .....                  (no boots)
Stlth    +.........             (no amulet)
HPRegen  0.21/turn              l - ring of positive energy
MPRegen  0.13/turn              b - ring of protection from cold

@: corroded, hasted, very quick
A: antennae 3, repulsion field 2, demonic guardian 1, powered by death 2
a: no special abilities


You were on level 7 of the Dungeon.
You were not hungry.

You visited 2 branches of the dungeon, and saw 8 of its levels.

You collected 384 gold pieces.

Inventory:

Hand Weapons
 r - a +1 trident (weapon)
 y - a +0 short sword of venom
 A - a +3 dagger
Missiles
 p - 12 poisoned darts (quivered)
Armour
 a - a +0 ring mail (worn)
 e - a +0 kite shield
 o - a +3 chain mail
Jewellery
 b - a ring of protection from cold (right hand)
 l - a ring of positive energy (left hand)
 w - an uncursed ring of fire
Scrolls
 c - a scroll of enchant weapon
 g - 5 scrolls of teleportation {unknown}
 k - 4 scrolls of magic mapping
 m - a scroll of remove curse
 q - a scroll of noise
 t - a scroll of enchant armour {unknown}
 x - a scroll of amnesia {unknown}
Comestibles
 d - 7 rations
 f - 2 chunks of flesh


   Skills:
 + Level 5.3 Fighting
 * Level 6.9 Polearms
 - Level 0.8 Armour
 - Level 1.7 Dodging
 + Level 4.1 Shields
 - Level 3.0 Spellcasting
 * Level 6.5 Hexes
 - Level 3.0 Charms


You had 4 spell levels left.
You knew the following spells:

 Your Spells              Type           Power        Failure   Level  Hunger
a - Infusion              Chrm           ##..         11%         1    #......
c - Confusing Touch       Hex            ###.....     8%          3    ###....
t - Tukima's Dance        Hex            ###.....     8%          3    ###....
w - Spectral Weapon       Hex/Chrm       ###.....     16%         3    ###....

Your spell library contained the following spells:

 Spells                   Type           Power        Failure   Level  Hunger
 Corona                   Hex            ###....      2%          1    #......
 Ensorcelled Hibernation  Hex/Ice        ##....       16%         2    ##.....
 Song of Slaying          Chrm           ##......     17%         2    ##.....
 Shroud of Golubria       Chrm/Tloc      #.....       30%         2    ##.....
 Dazzling Flash           Conj/Hex       ##....       30%         3    ###....
 Ozocubu's Armour         Chrm/Ice       #.......     52%         3    ###....
 Gell's Gravitas          Tloc           #.........   75%         3    ###....
 Petrify                  Tmut/Erth      #.......     98%         4    #####..
 Metabolic Englaciation   Hex/Ice        ##........   95%         5    ######.
 Yara's Violent Unravell  Hex/Tmut       ##........   95%         5    ######.


Dungeon Overview and Level Annotations

Branches:
Dungeon (7/15)             Temple (1/1) D:4

Altars:
Ashenzari
Cheibriados
Elyvilon
Fedhas
Gozag
Hepliaklqana
Kikubaaqudgha
Makhleb
Nemelex Xobeh
Okawaru
Qazlal
Ru
Sif Muna
Trog
Uskayaw
Vehumet
Wu Jian
Xom
Yredelemnul
Zin
The Shining One


Innate Abilities, Weirdness & Mutations

You have a pair of large antennae on your head. (SInv)
You are surrounded by a moderate repulsion field. (EV +3)
A weak demonic guardian rushes to your aid.
You regenerate health from kills.


Message History

The centaur shoots an arrow.
The arrow closely misses you.
You feel yourself speed up.
You aren't carrying any potions.
Unknown command.
As you read the scroll labeled SUAGIB JIP, it crumbles to dust.
It is a scroll of enchant weapon.
Your +0 trident glows red for a moment.
The centaur unwields a +0 shortbow.
The centaur wields an uncursed staff of air.
The centaur hits you with an uncursed staff of air!
* * * LOW HITPOINT WARNING * * *
Your ufetubus misses the crimson imp.
Your ufetubus barely misses the crimson imp.
The crimson imp grinds its teeth.
You aren't carrying any potions.
Unknown command.
As you read the scroll labeled XOPOCW ZUOQEMI, it crumbles to dust.
The creatures around you are filled with an inner flame!
It was a scroll of immolation.
The centaur zaps a wand.
The bolt of acid hits you!!
You die...

#...?.^#.#
##........#
##.......#
#.....$# ##
#....# .#..
###.5###
...#.##.55.######
..#.....(5(##...#
......#@##(##.#.#
...##..c#..##.#.#
.# #.....c....<#
#....#.####รท###
#..#......)...#
....###.........#
.... #...).....#
(.### #.........#
.. ##........#


You could see a centaur (inner flame), 2 crimson imps, a friendly iron imp, a
friendly spectral +0 trident and a friendly ufetubus.

Vanquished Creatures
  Prince Ribbit (D:6)
  A dancing weapon (D:6)
  3 ogres
  3 centaurs (D:5)
  3 bullfrogs
  A scorpion (D:5)
  A howler monkey (D:3)
  3 crimson imps
  2 centaur zombies (D:5)
  A hound (D:4)
  3 orc priests
  4 orc wizards (D:6)
  An iguana (D:6)
  4 worker ants
  A statue (D:6)
  4 hound skeletons
  5 gnolls
  8 adders
  2 oozes
  2 adder skeletons
  3 worms
  2 dart slugs (D:1)
  8 leopard geckos
  18 orcs
  5 bats
  6 giant cockroaches
  6 goblins
  8 hobgoblins
  4 jackals (D:3)
  2 quokkas (D:2)
  A ball python (D:4)
  3 frilled lizards
  9 kobolds
  A leopard gecko skeleton (D:4)
  A quokka skeleton (D:6)
  A quokka zombie (D:5)
  5 rats
136 creatures vanquished.

Vanquished Creatures (collateral kills)
  Pikel (D:4)
  A hippogriff (D:6)
  Menkaure (D:6)
  An orc warrior (D:6)
  2 orc priests (D:3)
  2 orc wizards
  4 orcs
  A bat (D:3)
13 creatures vanquished.

Vanquished Creatures (others)
  A slave (D:5)
  A hound zombie (D:5)
  2 gnolls (D:5)
  An adder (D:5)
  3 jackals (D:5)
  3 spectral weapons
11 creatures vanquished.

Grand Total: 160 creatures vanquished

Notes
Turn   | Place    | Note
-------+----------+-------------------------------------------
     0 | D:1      | Anathematize the Demonspawn Skald began the quest for the
                  | Orb.
     0 | D:1      | Reached XP level 1. HP: 16/16 MP: 3/3
   244 | D:1      | Gained mutation: You have a pair of small antennae on your
                  | head. [demonic ancestry]
   244 | D:1      | Reached XP level 2. HP: 18/22 MP: 0/5
  1253 | D:2      | Gained mutation: A weak demonic guardian rushes to your
                  | aid. [demonic ancestry]
  1253 | D:2      | Reached XP level 3. HP: 8/28 MP: 6/6
  1785 | D:2      | Learned a level 3 spell: Spectral Weapon
  2283 | D:2      | Gained mutation: You are surrounded by a mild repulsion
                  | field. (EV +2) [demonic ancestry]
  2283 | D:2      | Reached XP level 4. HP: 30/34 MP: 3/7
  2582 | D:2      | Reached skill level 1 in Hexes
  2812 | D:2      | Found an opulent altar of Gozag.
  2812 | D:2      | Found an iron altar of Okawaru.
  2813 | D:2      | Found an ancient bone altar of Kikubaaqudgha.
  2839 | D:2      | Reached skill level 1 in Shields
  3470 | D:3      | Gained mutation: You have a pair of antennae on your head.
                  | [demonic ancestry]
  3470 | D:3      | Reached XP level 5. HP: 32/41 MP: 8/8
  4426 | D:3      | Learned a level 3 spell: Tukima's Dance
  4471 | D:3      | Gained mutation: You have a pair of large antennae on your
                  | head. (SInv) [demonic ancestry]
  4471 | D:3      | Reached XP level 6. HP: 19/47 MP: 3/9
  4805 | D:4      | Found a shimmering altar of Xom.
  5039 | D:4      | Found a staircase to the Ecumenical Temple.
  5063 | Temple   | Entered the Ecumenical Temple
  5192 | D:4      | Found a white marble altar of Elyvilon.
  5548 | D:5      | Entered Level 5 of the Dungeon
  5548 | D:5      | Noticed Pikel
  5548 | D:5      | Noticed a slave
  5548 | D:5      | Noticed a slave
  5573 | D:4      | Killed Pikel
  5573 | D:4      | Reached skill level 5 in Polearms
  5573 | D:4      | Gained mutation: You regenerate a little health from kills.
                  | [demonic ancestry]
  5573 | D:4      | Reached XP level 7. HP: 5/54 MP: 7/11
  5922 | D:4      | Learned a level 3 spell: Confusing Touch
  6006 | D:5      | Gained mutation: You regenerate health from kills. [demonic
                  | ancestry]
  6006 | D:5      | Reached XP level 8. HP: 13/60 MP: 9/12
  6309 | D:5      | Found a shattered altar of Ashenzari.
  6540 | D:5      | Found a hide-covered altar of Uskayaw.
  6541 | D:5      | Found a snail-covered altar of Cheibriados.
  6654 | D:5      | Reached skill level 5 in Hexes
  6837 | D:5      | Found a stormy altar of Qazlal.
  7235 | D:6      | Noticed a hippogriff
  7260 | D:6      | Killed a hippogriff
  7565 | D:6      | Reached skill level 5 in Fighting
  7780 | D:6      | Noticed Menkaure
  7800 | D:6      | Killed Menkaure
  7854 | D:6      | Found a radiant altar of Vehumet.
  7855 | D:6      | Noticed Prince Ribbit
  8048 | D:6      | Killed Prince Ribbit
  8048 | D:6      | Gained mutation: You are surrounded by a moderate repulsion
                  | field. (EV +3) [demonic ancestry]
  8048 | D:6      | Reached XP level 9. HP: 68/68 MP: 7/13
  8716 | D:7      | HP: 1/68 [centaur/uncursed staff of air (7)]
  8717 | D:7      | Killed from afar by a centaur

Levels and vault maps discovered:
D:1:      lordsloth_arrival_two_stooges, layout_basic, serial_forest,
          infiniplex_forest_lined_1, infiniplex_forest_zigzag_1,
          infiniplex_forest_lined_3, infiniplex_forest_lined_2,
          infiniplex_forest_lined_2, infiniplex_forest_straight_2
D:2:      layout_rooms, gammafunk_temple_overflow_claw, serial_rivers,
          chequers_serial_rivers_small_a, chequers_serial_rivers_small_a,
          chequers_serial_rivers_small_b, chequers_serial_rivers_small_b,
          first_ration, minmay_diced_spiral
D:3:      layout_basic
D:4:      layout_cave_pools, elyvilon_altar_1, lemuel_round_altar,
          minmay_temple_entry_drinking_statues
D:5:      layout_basic, nicolae_ashenzari_panopticon,
          gammafunk_temple_overflow_statue, basic_altar,
          hangedman_decor_slide_cut, uniq_pikel
D:6:      layout_cave_pods, vehumet_statue, uniq_menkaure, uniq_prince_ribbit1
D:7:      layout_rooms
Temple:   nicolae_temple_x_marks_the_god

Skill      XL: |  1  2  3  4  5  6  7  8  9 |
---------------+----------------------------+-----
Polearms       | 2 3 4 5 6 |  6.9
Charms         | 3 |  3.0
Hexes          | 1 2 4 6 |  6.5
Fighting       | 3 4 5 |  5.3
Shields        | 1 2 3 4 |  4.1
Spellcasting   | 3 |  3.0
Armour         | |  0.8
Dodging        | |  1.7

Action                   |  1- 3 |  4- 6 |  7- 9 || total
-------------------------+-------+-------+-------++-------
Melee: Spear             |   147 |    54 |       ||   201
       Trident           |       |   201 |   184 ||   385
Throw: Stone             |    10 |     4 |       ||    14
 Cast: Infusion          |    10 |    14 |     1 ||    25
       Spectral Weapon   |       |     4 |    24 ||    28
       Confusing Touch   |       |       |     9 ||     9
       Tukima's Dance    |       |       |     2 ||     2
  Use: Potion            |     3 |     2 |     3 ||     8
       Scroll            |       |     6 |     3 ||     9
 Stab: Distracted        |       |     1 |     3 ||     4
       Confused          |       |       |     3 ||     3
  Eat: Chunk             |     5 |    10 |    12 ||    27
       Ration            |       |       |     1 ||     1
Armor: Leather armour    |    15 |       |       ||    15
       Scale mail        |    20 |    27 |       ||    47
       Ring mail         |       |    52 |    27 ||    79
Dodge: Dodged            |    72 |   134 |    91 ||   297

Table legend:
 A = Non-vault XP
 B = Vault XP
 C = Vault XP percentage of total XP
 D = Non-vault monster count
 E = Vault monster count
 F = Vault count percentage of total count
                 A         B        C        D         E       F
            +---------+---------+-------+---------+---------+-------
      Total |    2499 |     944 |  27.4 |     140 |       8 |   5.4
            +---------+---------+-------+---------+---------+-------
        D:1 |      35 |       0 |   0.0 |      17 |       0 |   0.0
        D:2 |     139 |       4 |   2.8 |      20 |       4 |  16.7
        D:3 |     217 |       0 |   0.0 |      39 |       0 |   0.0
        D:4 |     202 |     639 |  76.0 |      11 |       1 |   8.3
        D:5 |     775 |       0 |   0.0 |      21 |       0 |   0.0
        D:6 |     879 |     301 |  25.5 |      26 |       3 |  10.3
        D:7 |     252 |       0 |   0.0 |       6 |       0 |   0.0
            +---------+---------+-------+---------+---------+-------
